Map: Ephemeron LE

Players

Neeb - Winner!

  • Race: Protoss Protoss
  • Spawn Location: 5:00

tyty (TY)

  • Race: Terran Terran
  • Spawn Location: 11:00

VOD

Have the link to the VOD?

Description

Time

  • Played on: Jan. 7, 2020, 8:52 p.m.
  • Length: 4:33
Show
View Real Time Build Order
Export as new Build Order

Neeb Protoss - Winner!

Build Orders: 1 Gate Expand, Oracle Opening 

Get SALT Encoding   

  12  0:00  Probe  
  13  0:12  Probe  
  14  0:17  Pylon  
  14  0:25  Probe (Chrono Boost)  
  15  0:37  Probe (Chrono Boost)  
  15  0:38  Gateway  
  16  0:44  Probe (Chrono Boost)  
  16  0:46  Assimilator  
  17  0:51  Probe  
  18  1:03  Probe  
  19  1:15  Probe  
  20  1:23  Nexus  
  20  1:33  Cybernetics Core  
  20  1:36  Probe  
  21  1:42  Assimilator  
  21  1:48  Probe  
  21  1:51  Pylon  
  22  2:00  Probe  
  23  2:07  Stalker (Chrono Boost)  
  23  2:10  Shield Battery  
  23  2:13  Probe  
  26  2:25  Probe  
  26  2:27  Stalker (Chrono Boost)  
  29  2:35  Stargate  
  31  2:49  Shield Battery  
  31  2:50  Shield Battery  
  29  2:54  Stalker  
  31  3:02  Probe x2  
  33  3:15  Probe x2  
  33  3:16  Oracle (Chrono Boost)  
  37  3:27  Probe (Chrono Boost)  
  37  3:28  Probe (Chrono Boost)  
  41  3:40  Probe (Chrono Boost), Pylon  
  43  3:45  Probe (Chrono Boost)  
  43  3:46  Oracle (Chrono Boost)  
  44  3:53  Probe  
  43  4:00  Probe  
  37  4:05  Probe  
  38  4:12  Probe  
  41  4:20  Pylon  
Show
View Real Time Build Order
Export as new Build Order

tyty Terran 

Build Orders:  

Get SALT Encoding   

  12  0:00  SCV  
  13  0:12  SCV  
  14  0:17  Supply Depot  
  14  0:25  SCV  
  15  0:41  Barracks  
  15  0:47  Barracks  
  15  0:54  Refinery  
  15  0:57  SCV  
  16  1:10  SCV  
  17  1:22  SCV  
  18  1:28  Barracks Tech Lab  
  18  1:34  Marine  
  18  1:35  Orbital Command  
  19  1:47  Marauder  
  22  1:59  Concussive Shells, Supply Depot  
  21  2:09  Marauder  
  23  2:20  Marine, SCV  
  25  2:24  Supply Depot  
  25  2:30  Marauder  
  25  2:32  SCV  
  28  2:38  Marine  
  29  2:44  SCV  
  30  2:54  Marauder  
  30  2:56  Marine  
  33  3:04  SCV  
  33  3:06  Supply Depot  
  33  3:13  Marine  
  33  3:15  Marauder  
  33  3:16  SCV  
  37  3:30  SCV  
  37  3:31  Marine  
  39  3:37  Marauder  
  41  3:43  SCV  
  42  3:49  Marine  
  39  3:58  SCV, Marauder  
  31  4:07  Marine  
  30  4:11  SCV  
Tags
 
Add a new tag
Caveats
  • Supply blocks, unpowered buildings, or Contaminate may cause inaccurate times.
  • Supply counts are checked every 10 seconds.